Map: Catalyst LE

Players

Juxtapose - Winner!

  • Race: Zerg Zerg
  • League: Gold
  • Spawn Location: 5:00

hpbaxxter

  • Race: Terran Terran
  • League: Gold
  • Spawn Location: 11:00

VOD

https://youtu.be/wJ7-gRzeSH0

Description

Always nice to play another Random player, and my opponent did an excellent contain.

I didn't see his SCVs head into my natural and noticed that Bunker when it was almost too late, hesitated, and let my Hatchery finished.

The back and forth after that was a lot of fun.

Time

  • Played on: Dec. 27, 2017, 11:12 a.m.
  • Length: 15:05
Show
View Real Time Build Order
Export as new Build Order

Juxtapose Zerg - Winner!

Build Orders: Hatch First 

Get SALT Encoding   

  12  0:01  Drone  
  13  0:09  Drone  
  14  0:18  Overlord  
  14  0:36  Drone  
  14  0:37  Drone  
  16  0:52  Hatchery  
  16  0:53  Drone  
  16  1:01  Extractor, Drone  
  16  1:15  Spawning Pool  
  15  1:21  Drone  
  15  1:25  Overlord  
  16  1:30  Drone  
  17  1:35  Drone  
  18  1:44  Drone  
  19  1:57  Drone  
  22  2:08  Zergling x2  
  21  2:16  Zergling x2  
  22  2:23  Metabolic Boost  
  22  2:27  Roach Warren  
  22  2:29  Spine Crawler  
  20  2:39  Zergling x4  
  20  2:41  Spine Crawler  
  20  2:45  Queen  
  22  3:05  Zergling x4  
  22  3:09  Roach  
  22  3:21  Roach  
  22  3:34  Spine Crawler  
  22  3:40  Drone  
  22  3:53  Roach x2  
  24  4:03  Roach x3  
  28  4:18  Roach  
  30  4:25  Spawning Pool  
  27  4:42  Overlord  
  21  4:59  Roach  
  21  5:00  Roach  
  21  5:04  Roach  
  25  5:10  Roach  
  21  5:21  Spine Crawler  
  21  5:25  Roach  
  22  5:32  Queen  
  22  5:34  Drone  
  25  5:45  Ravager  
  26  6:03  Drone x2  
  26  6:14  Roach  
  26  6:16  Overlord  
  28  6:30  Drone  
  29  6:44  Roach  
  29  6:45  Roach x3  
  35  6:57  Roach  
  33  7:06  Roach  
  35  7:26  Roach  
  35  7:27  Overlord  
  37  7:47  Roach x2  
  37  7:48  Overlord  
  37  7:50  Drone  
  42  7:53  Drone  
  43  7:59  Ravager  
  43  8:02  Queen  
  46  8:13  Extractor  
  46  8:17  Roach  
  46  8:18  Roach x3  
  46  8:19  Overlord  
  53  8:29  Spore Crawler  
  52  8:50  Roach x2  
  53  9:04  Ravager  
  53  9:06  Roach x2  
  58  9:22  Drone x3  
  61  9:30  Evolution Chamber  
  60  9:36  Zergling x2  
  61  9:55  Drone  
  61  9:57  Overlord  
  61  9:59  Zerg Ground Armor Level 1  
  62  10:18  Zergling x8  
  62  10:19  Zergling x4  
  68  10:31  Ravager  
  68  10:43  Zergling x2  
  68  10:45  Overlord  
  69  10:51  Baneling Nest  
  68  11:07  Ravager  
  68  11:09  Zergling x4  
  67  11:31  Roach x2  
  61  11:58  Roach x3  
  58  12:08  Zergling x2  
  59  12:36  Hatchery  
  58  12:40  Lair  
  58  12:46  Roach x2  
  58  12:47  Roach  
  64  13:13  Zergling x4  
  66  13:28  Baneling x2  
  66  13:45  Ravager  
  67  13:49  Baneling  
  67  13:50  Baneling x3  
  67  13:53  Roach x4  
  75  14:00  Hydralisk Den  
  75  14:01  Drone  
  75  14:36  Hydralisk x4  
Show
View Real Time Build Order
Export as new Build Order

hpbaxxter Terran 

Build Orders:  

Get SALT Encoding   

  12  0:01  SCV  
  13  0:14  Supply Depot  
  13  0:21  SCV  
  14  0:33  SCV  
  15  1:00  Barracks  
  15  1:03  Barracks  
  15  1:08  Barracks  
  15  1:14  SCV  
  16  1:22  Supply Depot  
  16  1:49  Bunker  
  16  1:50  Marine  
  16  1:51  Marine  
  18  1:56  Marine  
  19  2:09  Marine  
  19  2:13  Marine  
  21  2:20  Marine  
  22  2:27  Marine  
  23  2:38  Supply Depot  
  23  2:43  Marine x2  
  25  2:45  Marine  
  26  3:01  Marine x2  
  26  3:03  Marine  
  27  3:18  Marine  
  27  3:19  Marine  
  29  3:21  Marine  
  27  3:36  Marine x2  
  27  3:38  Marine  
  28  3:54  Marine x2  
  29  3:56  Marine  
  29  4:12  Marine x2  
  29  4:14  Marine  
  30  4:28  Barracks  
  30  4:29  Barracks  
  30  4:30  Marine x2  
  32  4:32  Marine  
  32  4:34  Supply Depot  
  27  4:48  Marine x2  
  27  4:50  Marine  
  25  5:06  Marine x2  
  26  5:08  Marine  
  25  5:24  Marine x2  
  25  5:26  Marine  
  25  5:28  Marine x2  
  26  5:36  Orbital Command  
  26  5:41  Marine  
  26  5:42  Marine  
  28  5:44  Marine  
  28  5:46  Marine  
  29  6:11  Marine x4  
  27  6:12  Marine  
  30  6:24  SCV  
  31  6:25  Refinery  
  31  6:27  Refinery  
  31  6:28  Marine  
  31  6:29  Marine x3  
  35  6:46  Marine x4  
  35  6:47  Marine  
  30  7:04  Marine x5  
  35  7:22  Marine x5  
  35  7:40  Barracks Tech Lab  
  35  7:42  Barracks Tech Lab  
  35  7:44  Barracks Tech Lab  
  35  7:50  SCV  
  36  8:02  SCV  
  36  8:03  Marauder x2  
  41  8:06  Marauder  
  43  8:14  SCV  
  43  8:17  Concussive Shells  
  44  8:25  Marauder  
  44  8:26  SCV  
  47  8:35  Combat Shields  
  50  8:41  SCV, Marauder  
  50  9:01  Command Center  
  48  9:11  Factory  
  48  9:17  Marauder x2  
  48  9:18  Marine x2  
  54  9:28  Stimpack  
  54  9:57  Starport  
  54  9:58  Factory Reactor  
  54  10:04  SCV  
  53  10:16  SCV  
  54  10:48  Orbital Command  
  54  10:49  Medivac  
  56  10:50  Medivac  
  56  10:54  Marine x2, Marauder x2  
  64  11:00  SCV  
  65  11:10  Refinery  
  65  11:12  SCV  
  65  11:17  Refinery  
  66  11:19  Medivac  
  66  11:24  SCV  
  39  12:28  Factory  
  39  12:30  Bunker  
  39  12:32  Bunker  
  39  12:33  Bunker  
  39  12:42  Cyclone  
  39  12:43  Cyclone  
  45  12:54  SCV x2  
  47  13:06  SCV x2  
  49  13:15  Cyclone x2  
  49  13:18  SCV x2  
  57  13:29  Factory Tech Lab  
  57  13:30  Factory Reactor, SCV x2  
  59  13:42  SCV x2  
  59  13:47  Cyclone x2  
  67  13:54  SCV  
  68  13:57  Barracks Tech Lab x2  
  68  14:08  Barracks Tech Lab  
  68  14:26  Cyclone x3  
  80  14:39  Marauder x2  
  80  14:40  Marauder  
Tags
 
League
GoldGold
Matchup
TvZ
Spawn Locations
Cross Positions
Add a new tag
Caveats
  • Supply blocks, unpowered buildings, or Contaminate may cause inaccurate times.
  • Supply counts are checked every 10 seconds.